Map: Neon Violet Square LE

Players

Infamous - Winner!

  • Race: Protoss Protoss
  • League: Silver
  • Spawn Location: 11:00

tomoe

  • Race: Protoss Protoss
  • Spawn Location: 5:00

VOD

Have the link to the VOD?

Description

Time

  • Played on: April 10, 2018, 10:29 a.m.
  • Length: 10:09
Show
View Real Time Build Order
Export as new Build Order

Infamous Protoss - Winner!

Build Orders:  

Get SALT Encoding   

  12  0:03  Probe  
  13  0:15  Probe  
  14  0:21  Pylon  
  14  0:28  Probe  
  15  0:40  Gateway  
  15  0:43  Probe (Chrono Boost)  
  16  0:53  Probe (Chrono Boost)  
  16  0:54  Assimilator  
  17  0:58  Probe (Chrono Boost)  
  18  1:09  Gateway  
  18  1:17  Probe (Chrono Boost)  
  19  1:27  Probe (Chrono Boost)  
  19  1:28  Zealot  
  22  1:33  Cybernetics Core  
  22  1:37  Assimilator  
  22  1:40  Probe  
  23  1:55  Pylon  
  23  2:09  Warp Gate (Chrono Boost)  
  23  2:13  Probe, Adept x2  
  28  2:25  Probe  
  29  2:42  Pylon  
  28  2:50  Probe  
  29  2:54  Stalker  
  31  3:00  Stalker  
  33  3:08  Pylon  
  33  3:47  Probe  
  32  3:55  Nexus  
  32  3:59  Probe  
  32  4:01  Gateway  
  31  4:02  Gateway  
  31  4:07  Gateway  
  31  4:14  Robotics Facility  
  31  4:20  Sentry x2  
  35  4:39  Probe (Chrono Boost)  
  35  4:44  Stalker  
  35  4:45  Stalker  
  40  4:49  Probe (Chrono Boost)  
  40  4:50  Pylon  
  41  5:00  Sentry  
  41  5:01  Sentry  
  41  5:07  Probe x2  
  47  5:19  Probe x2  
  49  5:23  Observer (Chrono Boost)  
  50  5:31  Probe  
  50  5:32  Stalker x2  
  50  5:33  Stalker  
  50  5:34  Sentry  
  50  5:35  Sentry  
  61  5:42  Pylon  
  61  5:47  Pylon  
  61  5:54  Immortal  
  65  6:13  Assimilator  
  65  6:18  Assimilator  
  65  6:26  Probe  
  66  6:35  Nexus  
  66  6:38  Pylon  
  66  6:40  Pylon  
  66  6:43  Gateway  
  66  6:48  Probe (Chrono Boost)  
  66  6:53  Probe (Chrono Boost)  
  66  6:54  Stalker x2  
  70  6:56  Sentry x2  
  76  7:14  Gateway  
  76  7:16  Immortal  
  76  7:19  Probe  
  76  7:21  Probe  
  82  7:48  Zealot x4  
  90  8:04  Twilight Council  
  90  8:05  Probe  
  90  8:06  Probe  
  90  8:08  Probe  
  90  8:12  Pylon  
  93  8:17  Probe  
  93  8:18  Probe  
  95  8:20  Probe  
  95  8:21  Stargate  
  96  8:29  Immortal  
  96  8:32  Stalker x2  
  96  8:33  Sentry  
  86  9:21  Stalker x5  
  98  9:57  Zealot x3  
  98  9:58  Zealot x2  
Show
View Real Time Build Order
Export as new Build Order

tomoe Protoss 

Build Orders:  

Get SALT Encoding   

  12  0:03  Probe  
  13  0:15  Probe  
  14  0:25  Pylon  
  14  0:27  Probe  
  15  0:37  Assimilator  
  15  0:43  Probe  
  16  0:55  Probe (Chrono Boost)  
  17  0:59  Gateway  
  17  1:07  Probe (Chrono Boost)  
  17  1:11  Assimilator  
  18  1:14  Probe (Chrono Boost)  
  19  1:21  Pylon, Probe  
  20  1:46  Probe  
  21  1:58  Probe  
  22  2:11  Cybernetics Core, Zealot  
  24  2:21  Forge  
  24  2:33  Probe  
  25  2:38  Zealot  
  27  2:44  Nexus  
  27  2:45  Probe  
  27  2:51  Pylon  
  28  2:57  Probe (Chrono Boost)  
  29  3:05  Zealot (Chrono Boost)  
  29  3:10  Probe (Chrono Boost)  
  32  3:15  Probe (Chrono Boost), Twilight Council  
  33  3:22  Pylon  
  33  3:26  Probe  
  34  3:30  Zealot (Chrono Boost)  
  32  3:50  Zealot  
  34  4:05  Probe (Chrono Boost)  
  34  4:09  Warp Gate  
  35  4:14  Probe (Chrono Boost)  
  35  4:15  Pylon  
  35  4:17  Adept  
  38  4:19  Probe (Chrono Boost)  
  38  4:21  Gateway  
  39  4:30  Assimilator  
  39  4:31  Probe (Chrono Boost)  
  39  4:36  Charge (Chrono Boost)  
  40  4:41  Probe (Chrono Boost)  
  40  4:44  Adept  
  43  4:46  Probe (Chrono Boost)  
  44  4:57  Probe  
  45  5:09  Probe, Assimilator  
  45  5:11  Adept  
  48  5:20  Pylon  
  48  5:22  Probe  
  48  5:24  Pylon  
  49  5:28  Gateway  
  49  5:33  Robotics Facility  
  49  5:36  Gateway  
  49  5:37  Gateway  
  49  5:40  Probe  
  50  5:47  Stalker  
  52  5:52  Probe  
  53  6:00  Probe  
  54  6:04  Probe  
  54  6:09  Blink  
  55  6:12  Probe  
  55  6:13  Zealot  
  55  6:16  Probe  
  55  6:17  Stalker  
  61  6:24  Probe  
  62  6:36  Probe  
  62  6:39  Pylon  
  63  6:46  Nexus  
  63  6:47  Stalker  
  63  6:49  Pylon  
  65  7:01  Observer  
  66  7:13  Robotics Facility  
  66  7:21  Warp Prism, Stargate  
  68  7:23  Stargate  
  68  7:37  Zealot x4  
  76  7:53  Nexus  
  76  7:56  Pylon  
  76  8:11  Stalker  
  78  8:22  Immortal  
  82  8:32  Immortal  
  86  8:39  Assimilator  
  86  8:41  Assimilator  
  76  8:50  Zealot  
  76  8:51  Zealot x4  
  78  9:02  Immortal  
  64  9:11  Immortal  
  58  9:21  Zealot x2  
  58  9:22  Zealot x3  
  48  9:43  Zealot x4  
  48  9:44  Zealot  
Tags
 
League
Silver
Matchup
PvP
Replay Pack
Last Remnant (2)
Spawn Locations
Cross Positions
Add a new tag
Caveats
  • Supply blocks, unpowered buildings, or Contaminate may cause inaccurate times.
  • Supply counts are checked every 10 seconds.